 Dungeon Crawl Stone Soup version 0.23.0-3-gf3c87f2df8 (webtiles) character file.

Game seed: 13679073625473242961

61 Esekla the Vexing (level 4, -2/42 HPs)
             Began as an Ogre Enchanter on Feb 23, 2019.
             Slain by a gnoll
             ... wielding a +0 whip
              (4 damage)
             ... on level 2 of the Dungeon.
             The game lasted 00:12:47 (2080 turns).

Esekla the Vexing (Ogre Enchanter)                  Turns: 2080, Time: 00:12:48

Health: -2/42      AC:  5    Str: 12    XL:     4   Next: 7%
Magic:  1/7        EV:  9    Int: 17    God:
Gold:   112        SH:  0    Dex:  9    Spells: 4/8 levels left

rFire    . . .     SeeInvis .   l - +2 dagger (venom)
rCold    . . .     Gourm    .   (no shield)
rNeg     . . .     Faith    .   b - +0 robe
rPois    .         Spirit   .   (helmet restricted)
rElec    .         Reflect  .   j - +1 cloak
rCorr    .         Harm     .   (gloves unavailable)
MR       .....                  (boots unavailable)
Stlth    +.........             (no amulet)
HPRegen  0.14/turn              (no ring)
MPRegen  0.10/turn              (no ring)

@: heavily drained
A: large, unfitting armour, tough skin 1
a: no special abilities


You were on level 2 of the Dungeon.
You were not hungry.

You visited 1 branch of the dungeon, and saw 3 of its levels.

You collected 112 gold pieces.

Inventory:

Hand Weapons
 a - a +1 dagger
 e - a +0 spear
 l - a +2 dagger of venom (weapon)
Missiles
 u - 2 javelins (quivered)
Armour
 b - a +0 robe (worn)
 j - a +1 cloak (worn)
Jewellery
 d - an uncursed amulet of harm
 m - an uncursed amulet of faith
Scrolls
 c - 4 scrolls of amnesia {unknown}
 g - a scroll of enchant armour {unknown}
 h - a scroll of immolation {unknown}
 k - 2 scrolls of remove curse {unknown}
 n - a scroll of noise {unknown}
 q - a scroll of enchant weapon {unknown}
 r - a scroll of magic mapping {unknown}
 t - 2 scrolls of teleportation {unknown}
Potions
 f - a potion of brilliance {unknown}
 i - a potion of degeneration {unknown}
 o - 2 potions of heal wounds {unknown}
 p - a potion of curing {unknown}
Comestibles
 s - a ration


   Skills:
 + Level 2.3(0.9) Fighting
 + Level 1.9(0.5) Short Blades
 + Level 2.3(1.0) Dodging
 - Level 2.1(0.8) Stealth
 + Level 2.5(1.1) Spellcasting
 * Level 0.5(0.0) Conjurations
 + Level 2.8(1.4) Hexes


You had 4 spell levels left.
You knew the following spells:

 Your Spells              Type           Power        Failure   Level  Hunger
a - Corona                Hex            #......      12%         1    ##.....
d - Dazzling Spray        Conj/Hex       #.....       43%         3    ####...

Your spell library contained the following spells:

 Spells                   Type           Power        Failure   Level  Hunger
 Ensorcelled Hibernation  Hex/Ice        #.....       24%         2    ###....
 Confuse                  Hex            #.......     34%         3    ####...
 Tukima's Dance           Hex            #.......     34%         3    ####...


Dungeon Overview and Level Annotations

Branches:
Dungeon (3/15)

Altars:
Cheibriados


Innate Abilities, Weirdness & Mutations

You are too large for most types of armour.
You have tough skin. (AC +1)


Message History

The gnoll hits you with a +0 flail!
* * * LOW HITPOINT WARNING * * *
You kill the gnoll!
You have reached level 4!
Casting: Dazzling Spray (slightly dangerous; 43% risk of failure)
Confirm with . or Enter, or press ? or * to list all spells.
Aiming: Dazzling Spray (slightly dangerous; 43% risk of failure)
Press: ? - help, Shift-Dir - straight line, f - gnoll
Aim: a gnoll, wielding a +0 whip (moderately wounded)
The spray of energy hits the gnoll.
The gnoll is heavily wounded.
The gnoll is dazzled.
You barely miss the gnoll.
The gnoll is heavily wounded.
The gnoll hits you with a +0 whip.
* * * LOW HITPOINT WARNING * * *
You hit the gnoll but do no damage.
The gnoll is heavily wounded.
The gnoll hits you with a +0 whip.
You die...

####.# #..........## .# #.#
#.###.......# ### .# #.#
#.##........# ##.# .# #.#
#.##........####... .###.#
#.##.#............. .....##
#.##.#....######..( ......#
#......#### ##.# #####.#
#####.### #.# #.# #..@....## #.#
#.# #.##g....# ##+# # #.#
#.##.###.# ##... ## #.######
#>##)# #.# ##.... .##
#.#.##.###....###.## ##.....
..###.....#.##..#......####......
..'......###..............+......
..####....#.###.###....####.....[
.## ##.##.## #.# #.#.## ##.....


You could see a gnoll (blind).

Vanquished Creatures
  A gnoll (D:2)
  An adder (D:2)
  A dart slug (D:1)
  A leopard gecko (D:1)
  2 ball pythons (D:1)
  7 bats
  A giant cockroach (D:3)
  5 goblins (D:1)
  4 hobgoblins
  3 jackals (D:1)
  A frilled lizard (D:1)
  5 kobolds
  6 rats
38 creatures vanquished.

Notes
Turn   | Place    | Note
-------+----------+-------------------------------------------
     0 | D:1      | Esekla the Ogre Enchanter began the quest for the Orb.
     0 | D:1      | Reached XP level 1. HP: 16/16 MP: 3/3
    76 | D:1      | Reached skill level 1 in Fighting
    94 | D:1      | Reached skill level 1 in Short Blades
   301 | D:1      | Reached XP level 2. HP: 24/27 MP: 5/5
   925 | D:1      | Reached XP level 3. HP: 35/35 MP: 3/6
   953 | D:1      | Learned a level 3 spell: Dazzling Spray
  1248 | D:2      | Found a snail-covered altar of Cheibriados.
  2075 | D:2      | Reached XP level 4. HP: 7/42 MP: 3/7
  2078 | D:2      | HP: 2/42 [gnoll/+0 whip (6)]
  2080 | D:2      | Slain by a gnoll

Skill      XL: |  1  2 |
---------------+-------+-----
Fighting       | 1 2 |  2.3
Short Blades   | 1 |  1.9
Dodging        | 2 |  2.3
Stealth        | |  2.1
Spellcasting   | |  2.5
Conjurations   | |  0.5
Hexes          | |  2.8

Action                   |  1- 3 |  4- 6 || total
-------------------------+-------+-------++-------
Melee: Dagger            |   134 |     2 ||   136
 Cast: Corona            |     6 |       ||     6
       Dazzling Spray    |     5 |     1 ||     6
 Stab: Sleeping          |     3 |       ||     3
  Eat: Ration            |     2 |       ||     2
Armor: Robe              |    49 |       ||    49
Dodge: Dodged            |    85 |       ||    85
